 Dungeon Crawl Stone Soup version 0.21-a0-450-gd87a9b2 (webtiles) character file.

900815 mortelune the Slayer (level 27, -2/193 HPs)
             Began as a Gargoyle Fighter on Nov 18, 2017.
             Was the Champion of Okawaru.
             Killed from afar by Cerebov (32 damage)
             ... with a great blast of fire
             ... in Pandemonium on Nov 20, 2017.
             The game lasted 07:58:35 (87992 turns).

mortelune the Slayer (Gargoyle Fighter)            Turns: 87992, Time: 07:58:36

Health: -2/193     AC: 77    Str: 39    XL:     27
Magic:  0/44       EV: 19    Int: 15    God:    Okawaru [******]
Gold:   2820       SH: 21    Dex: 11    Spells: 19/60 levels left

rFire    + + .     SeeInvis +   x - +9 sacred scourge (holy)
rCold    + + +     Gourm    .   F - +2 shield of Resistance {rF+ rC+ MR+}
rNeg     + + .     Faith    .   U - +12 gold dragon scales
rPois    ∞         Spirit   +   s - +2 helmet {SInv}
rElec    +         Reflect  .   u - +4 dragonskin cloak
rCorr    .         Harm     .   J - +2 pair of gloves of the Hurricane {rF+ Int+3}
MR       +++..                  S - +1 pair of boots of Duty {Str+7}
Stlth    ..........             K - amulet of the Saviour {Spirit Dex+6}
HPRegen  0.42/turn              R - ring of the Pariah {Slay+5 Stlth-}
MPRegen  0.29/turn              t - ring of Anoaceq {rElec rC+ rN+ Str+4 Dex-2}

@: heroism, finesse, fire vulnerable, flying, slowed, very slow
A: big wings, blurry vision 1, clumsy 1, deterioration 1, dopey 1, mutation
resistance 1, negative energy resistance 1, screaming 1, electricity resistance,
unbreathing, petrification resistance, rot immunity, MP-powered wands, AC +20
}: 8/15 runes: decaying, slimy, silver, abyssal, demonic, glowing, dark,
gossamer
a: Stop Flying, Heroism, Finesse, Renounce Religion


You were in Pandemonium.
You worshipped Okawaru.
Okawaru was exalted by your worship.
You were not hungry.

You visited 11 branches of the dungeon, and saw 57 of its levels.
You visited Pandemonium 1 time, and saw 8 of its levels.
You visited the Abyss 2 times.
You visited 3 bazaars.
You also visited: Labyrinth, Trove, Bailey and Volcano.

You collected 9631 gold pieces.
You spent 6811 gold pieces at shops.

Inventory:

Hand Weapons
 r - the +9 morningstar of Rupao {freeze, Str+3 Stlth+}
   (You found it in a labyrinth)

   It has been specially enchanted to freeze those struck by it, causing extra
   injury to most foes and up to half again as much damage against particularly
   susceptible opponents.
   It can also slow down cold-blooded creatures.
   It affects your strength (+3).
   It makes you more stealthy.
 x - a +9 sacred scourge of holy wrath (weapon)
 G - a +9 eveningstar of draining
Armour
 n - a +2 large shield of cold resistance
 s - a +2 helmet of see invisible (worn)
 u - the +4 dragonskin cloak (worn)
   (You took it off Tiamat on level 2 of the Realm of Zot)
 F - the +2 shield of Resistance (worn) {rF+ rC+ MR+}
   (You bought it in a shop in a bazaar)

   It protects you from fire.
   It protects you from cold.
   It affects your resistance to hostile enchantments.
 J - the +2 pair of gloves of the Hurricane (worn) {rF+ Int+3}
   (Okawaru gifted it to you on level 1 of the Depths)

   It affects your intelligence (+3).
   It protects you from fire.
 S - the +1 pair of boots of Duty (worn) {Str+7}
   (You acquired it in a bazaar)

   It affects your strength (+7).
 U - +12 gold dragon scales (worn)
Jewellery
 t - the ring of Anoaceq (right hand) {rElec rC+ rN+ Str+4 Dex-2}
   (You found it on level 4 of the Realm of Zot)

   [ring of positive energy]

   It affects your strength (+4).
   It affects your dexterity (-2).
   It protects you from cold.
   It insulates you from electricity.
   It protects you from negative energy.
 C - the ring "Hizo" {rCorr Dex+4}
   (You found it on level 1 of the Crypt)

   [ring of resist corrosion]

   It affects your dexterity (+4).
 K - the amulet of the Saviour (around neck) {Spirit Dex+6}
   (You found it on level 6 of the Lair of Beasts)

   [amulet of guardian spirit]

   It causes incoming damage to be split between your health and magic.
   It affects your dexterity (+6).
 L - the ring "Lekutud" {rF+ rN+ Dex+7}
   (You found it on level 5 of the Pits of Slime)

   [ring of protection from fire]

   It affects your dexterity (+7).
   It protects you from fire.
   It protects you from negative energy.
 R - the ring of the Pariah (left hand) {Slay+5 Stlth-}
   (You took it off a necromancer on level 2 of the Depths)

   [ring of loudness]

   It affects your accuracy and damage with ranged weapons and melee attacks
   (+5).
   It makes you less stealthy.
Wands
 i - a wand of polymorph (15/24)
 l - a wand of confusion (16/48)
 z - a wand of paralysis (9/24)
 A - a wand of disintegration (17/24)
 B - a wand of paralysis (12/24)
 E - a wand of acid (12/15)
 H - a wand of digging (14/24)
Scrolls
 b - 2 scrolls of amnesia
 d - 3 scrolls of brand weapon
 e - 18 scrolls of remove curse
 m - 3 scrolls of blinking
 p - 30 scrolls of teleportation
 v - 3 scrolls of magic mapping
 y - 23 scrolls of identify
 I - a scroll of holy word
 N - 10 scrolls of fear
 Q - 2 scrolls of silence
 X - 4 scrolls of immolation
 Y - 13 scrolls of fog
Potions
 a - a potion of resistance
 c - 7 potions of berserk rage
 g - 6 potions of invisibility
 h - 8 potions of brilliance
 o - 7 potions of agility
 D - 23 potions of curing
 M - 3 potions of haste
 O - 2 potions of ambrosia
 T - 4 potions of might
 V - 4 potions of cancellation
 W - 4 potions of magic
Miscellaneous
 P - a phial of floods
 Z - a lightning rod (4/4)
Comestibles
 f - 30 bread rations
 j - 5 royal jellies
 k - 19 meat rations
 q - 38 fruits


   Skills:
 + Level 25.0(27) Fighting
 + Level 20.2(25.2) Maces & Flails
 + Level 22.4(27) Armour
 + Level 17.2(22.2) Dodging
 + Level 18.7(23.7) Shields
 + Level 17.4 Spellcasting
 - Level 8.6 Conjurations
 * Level 19.7 Translocations
 - Level 11.3 Earth Magic
 - Level 10.6 Invocations
 - Level 12.1 Evocations


You had 19 spell levels left.
You knew the following spells:

 Your Spells              Type           Power        Failure   Level  Hunger
a - Blink                 Tloc           N/A          0%          2    None
b - Apportation           Tloc           ######       0%          1    None
c - Sandblast             Erth           #####.       1%          1    None
d - Stone Arrow           Conj/Erth      #####.       1%          3    None
e - Shroud of Golubria    Chrm/Tloc      #####.....   1%          2    None
f - Passage of Golubria   Tloc           N/A          1%          4    None
g - Lesser Beckoning      Tloc           ######....   0%          3    None
h - Teleport Other        Tloc           ######..     0%          3    None
i - Gell's Gravitas       Tloc           ######....   0%          3    None
j - Force Lance           Conj/Tloc      ######..     1%          4    None
k - Controlled Blink      Tloc           N/A          32%         8    #######
l - Malign Gateway        Summ/Tloc      #####.....   94%         7    #######


Dungeon Overview and Level Annotations

Branches:
Dungeon (15/15)            Temple (0/1) D:7            Lair (6/6) D:11
  Swamp (4/4) Lair:4       Spider (4/4) Lair:2        Slime (5/5) Lair:5
    Orc (2/2) D:10            Elf (3/3) Orc:2        Vaults (5/5) D:13
  Crypt (3/3) Vaults:2       Tomb (0/3) Crypt:3      Depths (5/5) D:15
    Zot (5/5) Depths:5

Altars:
Ashenzari
Dithmenos
Elyvilon
Fedhas
Gozag
Hepliaklqana
Kikubaaqudgha
Makhleb
Nemelex Xobeh
Okawaru
Qazlal
Trog
Vehumet
Wu Jian
The Shining One
Beogh

Shops:
Orc:2 :**}   Elf:1 (   Elf:2 =*   Vaults:1 *   Vaults:2 [*   Vaults:3 (
Depths:2 ?}   Depths:4 =}}   Depths:5 :

Portals:
Hell: Lair:6 Depths:1 Depths:2 Depths:3 Depths:4 Depths:5
Abyss: Depths:1 Depths:4
Pandemonium: Depths:3 Depths:4
Ziggurat: Depths:5

Annotations:
D:9 exclusion: obsidian statue
Lair:1 exclusion: 4 oklob plants
Pan Cerebov


Innate Abilities, Weirdness & Mutations

You are resistant to torment.
Your stone body is resilient. (AC +20)
You are immune to poison.
Your large and strong wings let you fly indefinitely.
You resist negative energy. (rN+)
You are resistant to electric shocks. (rElec)
You can survive without breathing.
You are immune to petrification.
You are immune to rotting.
Scrolls take you a little longer to read.
You are clumsy. (Dex -2)
Your body sometimes deteriorates upon taking damage.
You are dopey. (Int -2)
You are somewhat resistant to further mutation.
You occasionally shout uncontrollably at your foes.
You expend magic power (3 MP) to strengthen your wands.


Message History

The Brimstone Fiend barely misses you.
The Brimstone Fiend hits you but does no damage. x2
The sun demon completely misses you.
Your gold dragon scales prevents you from hitting the ynoxinul.
The ynoxinul is heavily wounded.
The sun demon closely misses you.
Cerebov gestures.
You block the balrug's attack.
You hit the ynoxinul.
The ynoxinul convulses.
The ynoxinul is almost dead.
Your surroundings seem slightly different.
A balrug comes into view.
It is wielding a demon whip of freezing.
The balrug shouts!
Really read with blurry vision while enemies are nearby?
Uppercase [Y]es or [N]o only, please.
Really read with blurry vision while enemies are nearby?
The ynoxinul gestures.
Cerebov gestures at you.
A raging storm of fire appears!
The great blast of fire engulfs you! You partially resist.
You die...

###+# # ......
######...######
#..@...5......##
#......5...5....##
#.....≈≈≈5≈≈≈...).#
#....≈≈≈≈53≈325.5.#
#...≈≈≈≈.5.≈3≈≈5).#
#.2.≈≈≈≈55&313≈.5.#
#..≈≈≈≈..5521≈≈≈5.....
.3≈≈###.21...≈≈≈≈...##
#.#....≈≈≈≈.....


You could see Cerebov, a Tzitzimitl, 2 Brimstone Fiends, a hell beast, 2
balrugs, 3 sun demons, 2 ynoxinuls and 10 ufetubi.

Vanquished Creatures
  4 pandemonium lords (Pan)
  the Royal Jelly (Slime:5)
  Mnoleg (Pan)
  Gloorx Vloq (Pan)
  4 ancient liches
  Mara (Crypt:2)
  The ghost of tof the Conqueror, a legendary MiBe of Trog (Zot:5)
  Tiamat (Zot:2)
  4 orbs of fire
  A juggernaut (Depths:3)
  Sojobo (Depths:1)
  the Lernaean hydra (Swamp:4)
  6 caustic shrikes
  2 curse toes
  Bai Suzhen (Spider:3)
  2 Killer Klowns (Zot:5)
  Nikola (Elf:2)
  13 golden dragons
  3 bone dragons
  Jory (Vaults:4)
  Jorgrun (Spider:4)
  7 Brimstone Fiends (Pan)
  Arachne (Spider:2)
  5 electric golems
  5 Hell Sentinels (Pan)
  An Ice Fiend (Pan)
  16 tentacled monstrosities
  Asterion (Depths:2)
  Rupert (Lair:5)
  24 Orb Guardians (Zot:5)
  3 liches
  6 quicksilver dragons
  2 deep elf master archers (Elf:3)
  3 titans (Vaults:5)
  A deep elf blademaster (Elf:3)
  21 acid blobs
  9 death cobs
  An eldritch tentacle (Pan)
  24 Executioners (Pan)
  4 ancient champions (Crypt:2)
  Kirke (Lair:5)
  5 tentacled starspawn
  3 sphinxes
  12 storm dragons
  A thorn hunter (Swamp:4)
  15 shadow dragons
  Roxanne (Spider:2)
  4 tengu reavers
  The ghost of Rhok the Warrior, an adept DsGl of Okawaru (Spider:2)
  7 draconian monks
  7 warmongers (Pan)
  11 azure jellies
  7 fire giants
  A revenant (Vaults:2)
  3 draconian knights
  11 vault wardens
  9 frost giants
  8 balrugs
  Aizul (Depths:1)
  3 draconian scorchers
  A caustic shrike zombie (Depths:4)
  An orc warlord (Vaults:4)
  2 iron dragons
  7 ghost moths
  5 deep elf sorcerers
  12 cacodemons (Pan)
  4 draconian shifters
  An angel (Abyss:3)
  6 curse skulls
  3 ghouls (Crypt:2)
  12 reapers
  2 emperor scorpions (Spider:4)
  19 ironheart preservers
  5 draconian stormcallers
  7 deep elf elementalists
  The ghost of graki42 the Eclecticist, a journeyman DEFE of Vehumet (Elf:2)
  3 draconian annihilators
  5 spriggan defenders
  41 very ugly things
  3 entropy weavers
  14 stone giants
  4 corrupters (Pan)
  4 vampire knights
  6 blood saints (Pan)
  10 green draconians
  11 red draconians
  8 deep elf demonologists
  11 black suns (Pan)
  5 deep elf annihilators
  Azrael (Elf:2)
  11 black draconians
  22 purple draconians
  11 white draconians
  18 lorocyprocas
  14 spark wasps
  12 yellow draconians
  15 eidola
  17 ettins
  6 green deaths (Pan)
  10 deep elf death magi
  4 merfolk javelineers
  A mummy priest (Crypt:3)
  A merfolk impaler (Depths:3)
  A quicksilver dragon zombie (Crypt:3)
  11 blizzard demons (Pan)
  A minotaur (shapeshifter) (Elf:2)
  21 yaktaur captains
  7 death oozes
  9 fire dragons
  13 great orbs of eyes
  A minotaur (Lab)
  4 jiangshi
  The ghost of Salmacis the Cleaver, a journeyman HOFi of Dithmenos (Lair:1)
  7 deep elf high priests
  5 rakshasas
  An ice dragon (shapeshifter) (Vaults:5)
  13 ogre magi
  12 ice dragons
  22 hydras
  28 vault guards (Vaults:5)
  A hydra (shapeshifter) (Vaults:5)
  6 monstrous demonspawn (Pan)
  A hell beast (Pan)
  5 spriggan air magi
  2 quicksilver dragon skeletons (Crypt:3)
  6 death knights
  Erica (D:10)
  8 alligators
  31 dancing weapons
  A ghost crab (Swamp:4)
  2 satyrs (shapeshifter)
  5 tengu warriors
  A two-headed ogre (shapeshifter) (Elf:1)
  45 two-headed ogres
  14 deep troll earth magi
  12 deep troll shamans
  11 centaur warriors
  A hell hog (Abyss:1)
  7 vampire magi
  2 titan zombies (Crypt:3)
  A shock serpent (shapeshifter) (Depths:1)
  8 spriggan berserkers
  An orc high priest (Elf:1)
  2 thrashing horrors (Abyss:3)
  A storm dragon zombie (Crypt:3)
  35 soul eaters
  5 wretched stars
  24 sun demons
  3 titan skeletons
  4 iron trolls
  24 deep elf knights
  14 sixfirhies
  A storm dragon skeleton (Crypt:3)
  3 hell knights
  3 anaconda zombies
  7 shadow wraiths
  11 swamp dragons
  2 spriggan druids
  5 unseen horrors
  A golden dragon zombie (Crypt:3)
  A shadow demon (Pan)
  15 skeletal warriors
  12 infernal demonspawn
  36 deep trolls
  A glowing orange brain (Slime:5)
  6 torturous demonspawn (Pan)
  A harpy (Vaults:5)
  A shambling mangrove (Swamp:1)
  The ghost of Gorice the Spear-Bearer, a novice DsWn of Qazlal (D:7)
  An orange crystal statue (Vaults:4)
  5 wizards
  A deep troll (shapeshifter) (Vaults:5)
  A flayed ghost (Vaults:2)
  25 deep elf archers
  8 gelid demonspawn
  18 phantasmal warriors
  18 necromancers
  47 wolf spiders
  11 ironbrand convokers
  A golden dragon skeleton (Crypt:3)
  4 wolf spider zombies
  22 orb spiders
  15 orc knights
  94 deep elf magi
  6 orc sorcerers
  7 cyclopes
  A frost giant zombie (Crypt:2)
  2 iron dragon zombies (Crypt:3)
  2 moths of wrath (shapeshifter) (Vaults:5)
  3 shadow dragon skeletons
  3 shining eyes
  A fire giant zombie (Crypt:3)
  17 moths of wrath
  43 ugly things
  A salamander (shapeshifter) (Depths:3)
  2 manticores
  A tengu skeleton (Depths:3)
  10 elephants
  Maurice (Orc:1)
  An iron dragon skeleton (Pan)
  A shock serpent zombie (Crypt:3)
  11 vault sentinels
  3 black mambas
  4 eyes of devastation
  A guardian serpent (Abyss:3)
  6 rust devils
  8 centaur skeletons
  3 fire giant skeletons
  2 centaur zombies
  A naga mage (Abyss:3)
  19 smoke demons
  3 gargoyles
  16 orange demons
  A shock serpent skeleton (Pan)
  3 torpor snails
  15 spiny frogs
  4 kobold demonologists
  2 spriggan skeletons
  3 hellions (Pan)
  59 yaktaurs
  11 komodo dragons
  7 rime drakes
  A purple draconian zombie (Crypt:2)
  18 freezing wraiths
  7 tormentors (Pan)
  2 efreet
  6 ice devils
  24 demonic crawlers
  A red draconian skeleton (Crypt:2)
  An ancient zyme (Abyss:3)
  A golden dragon simulacrum (Depths:3)
  22 hellwings
  44 jumping spiders
  2 guardian mummies (Crypt:3)
  6 trolls
  2 hydra zombies
  8 meliai
  13 red devils
  4 tengu conjurers
  A merfolk (shapeshifter) (Depths:3)
  2 polar bears
  A troll (shapeshifter) (Depths:3)
  6 tyrant leeches
  2 queen bees
  3 bog bodies
  20 hornets
  9 raiju
  A death drake skeleton (Crypt:1)
  58 large abominations
  2 raiju (shapeshifter)
  2 blink frogs (shapeshifter)
  83 slime creatures
  17 blink frogs
  A harpy skeleton (Pan)
  An ice dragon zombie (Crypt:3)
  A dream sheep (Lair:6)
  9 hippogriffs
  2 hydra skeletons
  An alligator skeleton (Crypt:3)
  80 redbacks
  14 spriggans
  38 tarantellas
  16 ynoxinuls
  An ettin skeleton (Crypt:3)
  3 fire dragon skeletons
  5 wraiths
  An ushabti (Crypt:3)
  A tarantella (shapeshifter) (Depths:4)
  21 water elementals
  3 shadows
  10 air elementals
  5 wyverns
  A black mamba skeleton (Crypt:3)
  An ice dragon skeleton (Crypt:1)
  33 yaks
  4 fire elementals
  4 golden eyes
  2 hogs (Lair:5)
  21 chaos spawn
  A wyvern (shapeshifter) (Depths:3)
  22 neqoxecs
  10 vampire mosquitoes
  2 basilisks
  11 wargs
  A warg (shapeshifter) (Depths:3)
  A naga (Abyss:3)
  2 human zombies
  15 swamp worms
  3 acid dragons
  13 insubstantial wisps
  13 water moccasins
  2 soldier ants (shapeshifter)
  9 hell hounds
  11 porcupines
  2 floating eyes
  A floating eye (shapeshifter) (Depths:4)
  A hornet zombie (D:14)
  13 swamp drakes
  2 black bears
  3 sky beasts
  A swamp dragon zombie (Crypt:2)
  3 ice beasts
  An ice beast (shapeshifter) (Depths:5)
  38 orc warriors
  9 eyes of draining
  An ice dragon simulacrum (Crypt:1)
  A snapping turtle zombie (Abyss:3)
  3 phantoms
  24 boggarts
  2 necrophages
  52 ogres
  19 centaurs
  A manticore zombie (Crypt:3)
  6 crocodiles
  A blink frog skeleton (Crypt:1)
  A swamp dragon skeleton (Pan)
  A hog skeleton (Crypt:1)
  An elephant skeleton (Crypt:1)
  A snapping turtle skeleton (Crypt:3)
  7 big kobolds
  24 bullfrogs
  4 earth elementals
  3 scorpions
  9 wyvern skeletons
  38 killer bees
  3 small abominations
  17 wights
  An electric eel (Spider:3)
  A raiju skeleton (Crypt:2)
  2 howler monkeys (D:9)
  2 bullfrog zombies (D:13)
  16 crimson imps
  3 quasits
  6 jellies
  27 orc wizards
  15 orc priests
  4 hounds
  3 iron imps
  7 bullfrog skeletons
  3 iguanas
  11 worker ants
  An acid dragon zombie (Crypt:2)
  2 killer bee zombies
  An ogre zombie (Crypt:1)
  A hound zombie (D:6)
  A howler monkey skeleton (D:4)
  A howler monkey zombie (D:5)
  A worker ant zombie (D:9)
  12 adders
  17 gnolls
  A river rat (shapeshifter) (Vaults:3)
  7 shadow imps
  4 white imps
  An ufetubus (Depths:3)
  An adder skeleton (D:6)
  A worm (D:3)
  2 dart slugs (D:1)
  8 leopard geckos
  111 orcs
  2 ball pythons
  4 bats (D:1)
  4 giant cockroaches
  6 goblins
  18 hobgoblins
  11 jackals
  23 kobolds
  4 quokkas
  A frilled lizard (D:4)
  A frilled lizard zombie (Crypt:1)
  A jackal zombie (D:6)
  2 leopard gecko skeletons
  An orc skeleton (Pan)
  An orc zombie (Crypt:2)
  2 rats
  A crawling corpse (Elf:3)
  2 starspawn tentacles
3171 creatures vanquished.

Vanquished Creatures (collateral kills)
  A draconian monk (Zot:1)
  A draconian scorcher (Zot:1)
2 creatures vanquished.

Vanquished Creatures (others)
  2 eldritch tentacles (Pan)
  2 deep elf magi
  A wolf spider (Spider:4)
  An elephant (Lair:5)
  A human (Lair:6)
  3 jumping spiders (Spider:2)
  A redback (Spider:3)
  A tarantella (Spider:4)
  2 chaos spawn (Pan)
  2 swamp drakes (Swamp:2)
  2 iguanas (Lair:4)
  An orc wizard (D:4)
  An orc (Vaults:2)
  A ball python (D:2)
  2 briar patches (Swamp:4)
  3 fungi
  23 plants
  10 starspawn tentacles
  A withered plant (Crypt:3)
60 creatures vanquished.

Grand Total: 3233 creatures vanquished

Notes
Turn   | Place    | Note
-------+----------+-------------------------------------------
     0 | D:1      | mortelune the Gargoyle Fighter began the quest for the Orb.
     0 | D:1      | Reached XP level 1. HP: 14/14 MP: 1/1
     1 | D:1      | Noticed a naga
     5 | D:1      | Noticed a troll
    10 | D:1      | Noticed a minotaur
    12 | D:1      | Noticed a felid
    13 | D:1      | Noticed a centaur
    15 | D:1      | Noticed a felid
    17 | D:1      | Noticed an elf
   198 | D:1      | Reached XP level 2. HP: 17/19 MP: 2/2
   338 | D:1      | Reached XP level 3. HP: 17/23 MP: 3/3
   961 | D:2      | Reached XP level 4. HP: 29/29 MP: 4/4
   993 | D:2      | Found a white marble altar of Elyvilon.
  1086 | D:2      | Found a faded altar of an unknown god.
  1086 | D:2      | Found a sparkling altar of Nemelex Xobeh.
  1091 | D:2      | Found a shattered altar of Ashenzari.
  1093 | D:2      | Found a hazy altar of Hepliaklqana.
  1095 | D:2      | Found a faded altar of an unknown god.
  1156 | D:2      | Found a stormy altar of Qazlal.
  1159 | D:2      | Found an iron altar of Okawaru.
  1247 | D:2      | Found a blossoming altar of Fedhas.
  1304 | D:2      | Became a worshipper of Warmaster Okawaru
  1840 | D:3      | Found an opulent altar of Gozag.
  2346 | D:4      | Noticed an ogre
  2570 | D:4      | Reached XP level 5. HP: 33/33 MP: 5/5
  2599 | D:4      | Reached skill level 4 in Fighting
  2834 | D:4      | Reached XP level 6. HP: 33/38 MP: 6/6
  2886 | D:4      | Found a shadowy altar of Dithmenos.
  3020 | D:5      | Entered Level 5 of the Dungeon
  3251 | D:5      | Reached * piety under Okawaru
  3251 | D:5      | Reached XP level 7. HP: 38/44 MP: 7/7
  3326 | D:5      | Reached skill level 5 in Maces & Flails
  3342 | D:5      | Reached skill level 5 in Fighting
  3342 | D:5      | Reached skill level 5 in Armour
  3342 | D:5      | Reached skill level 5 in Shields
  4251 | D:6      | Reached ** piety under Okawaru
  4251 | D:6      | Reached XP level 8. HP: 47/49 MP: 8/8
  4304 | D:6      | Reached skill level 8 in Fighting
  4304 | D:6      | Reached skill level 10 in Maces & Flails
  4304 | D:6      | Reached XP level 9. HP: 52/59 MP: 9/9
  5078 | D:7      | Noticed Gorice's ghost (novice DsWn)
  5101 | D:7      | Killed Gorice's ghost
  5101 | D:7      | Reached *** piety under Okawaru
  5101 | D:7      | Reached skill level 1 in Dodging
  5101 | D:7      | Reached XP level 10. HP: 52/65 MP: 7/10
  5529 | D:7      | Found a bloodstained altar of Trog.
  5571 | D:7      | Found a glowing golden altar of the Shining One.
  5810 | D:7      | Found a staircase to the Ecumenical Temple.
  5931 | D:8      | Received a gift from Okawaru
  6075 | D:8      | Reached skill level 1 in Invocations
  6093 | D:8      | Found a flagged portal.
  6105 | D:8      | Reached skill level 9 in Fighting
  6114 | Bailey   | Entered a bailey
  6192 | Bailey   | Noticed an orc knight
  6285 | Bailey   | Killed an orc knight
  6604 | D:8      | Found a radiant altar of Vehumet.
  6771 | D:8      | Reached **** piety under Okawaru
  6942 | D:9      | Noticed an obsidian statue
  6967 | D:9      | Noticed a two-headed ogre
  6994 | D:9      | Killed a two-headed ogre
  7005 | D:9      | Noticed a soul eater
  7065 | D:9      | Reached XP level 11. HP: 42/71 MP: 12/12
  7095 | D:9      | Reached ***** piety under Okawaru
  7106 | D:9      | Reached skill level 10 in Fighting
  7106 | D:9      | Reached skill level 10 in Armour
  7106 | D:9      | Reached XP level 12. HP: 28/77 MP: 13/15
  7255 | D:9      | Found an ornate altar of the Wu Jian Council.
  7518 | D:9      | Reached skill level 5 in Invocations
  7564 | D:9      | Received a gift from Okawaru
  8207 | D:9      | Noticed a sun demon
  8515 | D:10     | Entered Level 10 of the Dungeon
  8592 | D:10     | Noticed Erica
  8627 | D:10     | Killed Erica
  8848 | D:10     | Found a staircase to the Orcish Mines.
  9370 | D:11     | Noticed a two-headed ogre
  9517 | D:10     | Received a gift from Okawaru
  9522 | D:10     | Killed a two-headed ogre
  9522 | D:10     | Reached skill level 5 in Dodging
  9525 | D:10     | Got a fine buckler {god gift}
  9536 | D:10     | Identified the +3 buckler of the Well-Known Scars {+Fly MR+} (Okawaru gifted it to you on level 10 of the Dungeon)
  9997 | D:11     | Noticed a two-headed ogre
 10004 | D:11     | Killed a two-headed ogre
 10004 | D:11     | Reached XP level 13. HP: 75/84 MP: 17/17
 10014 | D:11     | Found a staircase to the Lair.
 10388 | Lair:1   | Entered Level 1 of the Lair of Beasts
 10450 | Lair:1   | Found a dark tunnel.
 10472 | Volcano  | Entered a volcano
 10566 | Volcano  | Noticed a stone giant
 10580 | Volcano  | Killed a stone giant
 10580 | Volcano  | Reached skill level 11 in Fighting
 11298 | Lair:1   | Noticed Salmacis's ghost (journeyman HOFi)
 11312 | Lair:1   | Killed Salmacis's ghost
 11836 | Lair:2   | Found a hole to the Spider Nest.
 12681 | Lair:3   | Received a gift from Okawaru
 13586 | Lair:4   | Found a staircase to the Swamp.
 13975 | Lair:4   | Found a labyrinth entrance.
 13987 | Lab      | Entered a labyrinth
 14386 | Lab      | Noticed a minotaur
 14401 | Lab      | Killed a minotaur
 14401 | Lab      | Received a gift from Okawaru
 14401 | Lab      | Gained mutation: Your large and strong wings let you fly indefinitely. [Gargoyle growth]
 14401 | Lab      | Reached XP level 14. HP: 36/90 MP: 12/19
 14626 | Lab      | Got a crystal morningstar
 14629 | Lab      | Identified the +9 morningstar of Rupao {freeze, Str+3 Stlth+} (You found it in a labyrinth)
 14634 | Lab      | Got a pitted mace
 14635 | Lab      | Identified the +8 mace of Wounding {elec, rElec} (You found it in a labyrinth)
 15348 | Lair:5   | Noticed Rupert
 15359 | Lair:5   | Killed Rupert
 15519 | Lair:5   | Noticed Kirke
 15533 | Lair:5   | Killed Kirke
 15861 | Lair:5   | Found a staircase to the Slime Pits.
 16238 | Lair:6   | Entered Level 6 of the Lair of Beasts
 16258 | Lair:6   | Reached skill level 12 in Fighting
 16353 | Lair:6   | Reached skill level 1 in Spellcasting
 16787 | Lair:6   | Received a gift from Okawaru
 16830 | Lair:6   | Reached skill level 15 in Maces & Flails
 17117 | Lair:6   | Found a burning altar of Makhleb.
 17300 | Lair:6   | Found a gateway to Hell.
 17309 | Lair:6   | Got a glittering sapphire amulet
 17588 | Orc:1    | Entered Level 1 of the Orcish Mines
 17671 | Orc:1    | Found a roughly hewn altar of Beogh.
 17730 | Orc:2    | Entered Level 2 of the Orcish Mines
 17829 | Orc:2    | Reached XP level 15. HP: 97/97 MP: 21/21
 17941 | Orc:2    | Reached ****** piety under Okawaru
 18382 | Orc:2    | Found Qiannoge's Gadget Boutique.
 18383 | Orc:2    | Found Wuhuimp's General Store.
 18386 | Orc:2    | Found Pukuemin's General Store.
 18386 | Orc:2    | Found Jyid's Book Shop.
 18979 | Orc:2    | Found a roughly hewn altar of Beogh.
 19032 | Orc:2    | Found a staircase to the Elven Halls.
 19328 | Orc:1    | Received a gift from Okawaru
 19467 | Orc:1    | Noticed Maurice
 19477 | Orc:1    | Killed Maurice
 19925 | D:12     | Identified the Incunabulum of Arcane Weapons
 20016 | D:12     | Identified the amulet of the Saviour {Spirit Dex+6} (You found it on level 6 of the Lair of Beasts)
 20153 | D:12     | Reached skill level 10 in Invocations
 20891 | D:13     | Reached skill level 13 in Fighting
 20897 | D:13     | Received a gift from Okawaru
 20990 | D:13     | Reached XP level 16. HP: 97/104 MP: 23/23
 21032 | D:13     | Found a gate to the Vaults.
 21810 | D:14     | Reached skill level 5 in Spellcasting
 21972 | D:14     | Received a gift from Okawaru
 22176 | D:14     | Found an iron altar of Okawaru.
 22357 | Orc:2    | Bought a book of Cantrips for 280 gold pieces
 22357 | Orc:2    | Bought the Guide on the Entourage and Orientation for 827 gold pieces
 22360 | Orc:2    | Learned a level 2 spell: Blink
 22362 | Orc:2    | Learned a level 1 spell: Apportation
 22511 | D:14     | Found a shattered altar of Ashenzari.
 22849 | D:15     | Entered Level 15 of the Dungeon
 22951 | D:15     | Reached skill level 1 in Evocations
 22958 | D:15     | Reached skill level 1 in Translocations
 23082 | D:15     | Found an iron altar of Okawaru.
 23636 | D:15     | Received a gift from Okawaru
 23641 | D:15     | Got a crystal dire flail {god gift}
 23642 | D:15     | Identified the +4 dire flail "Grom" {crush, rElec Stlth+} (Okawaru gifted it to you on level 15 of the Dungeon)
 23789 | D:15     | Found a staircase to the Depths.
 24068 | Spider:1 | Entered Level 1 of the Spider Nest
 25458 | Spider:2 | You are sucked into a shaft!
 25628 | Spider:3 | Reached XP level 17. HP: 88/110 MP: 22/26
 25644 | Spider:3 | Received a gift from Okawaru
 25755 | Spider:2 | Noticed Roxanne
 26095 | Spider:2 | Reached skill level 14 in Fighting
 26765 | Spider:2 | Noticed Rhok's ghost (adept DsGl)
 26795 | Spider:2 | Killed Rhok's ghost
 27028 | Spider:2 | Noticed Arachne
 27049 | Spider:2 | Killed Arachne
 27392 | Spider:2 | Reached skill level 10 in Shields
 27819 | Spider:2 | Killed Roxanne
 27819 | Spider:2 | Received a gift from Okawaru
 27829 | Spider:2 | Identified Roxanne's Handbook of the Mountains (You took it off Roxanne on level 2 of the Spider Nest)
 27833 | Spider:2 | Learned a level 1 spell: Sandblast
 27837 | Spider:2 | Learned a level 3 spell: Stone Arrow
 28056 | Spider:3 | Received a gift from Okawaru
 28178 | Spider:3 | Reached skill level 1 in Earth Magic
 28413 | Spider:4 | Entered Level 4 of the Spider Nest
 28413 | Spider:4 | Noticed Bai Suzhen
 28744 | Spider:3 | Killed Bai Suzhen
 29153 | Spider:4 | Noticed Jorgrun
 29258 | Spider:3 | Received a gift from Okawaru
 29267 | Spider:3 | Reached skill level 5 in Translocations
 29267 | Spider:3 | Reached XP level 18. HP: 68/118 MP: 0/29
 29668 | Spider:4 | Reached skill level 15 in Fighting
 29748 | Spider:4 | Reached skill level 5 in Evocations
 29825 | Spider:4 | Killed Jorgrun
 30212 | Spider:4 | Reached skill level 10 in Dodging
 30847 | Spider:4 | Got a gossamer rune of Zot
 31115 | Swamp:1  | Entered Level 1 of the Swamp
 32067 | Swamp:2  | Found a frozen archway.
 32692 | Swamp:3  | Got a bone arbalest
 32734 | Swamp:3  | Received a gift from Okawaru
 32741 | Swamp:3  | Got a jewelled buckler {god gift}
 32752 | Swamp:3  | Identified the +3 buckler of Tosh {rPois rC- Int+4 Stlth+} (Okawaru gifted it to you on level 3 of the Swamp)
 32758 | Swamp:3  | Identified the cursed +0 arbalest "Woelayz" {venom, Str+2 Int+2 Dex+3} (You found it on level 3 of the Swamp)
 33282 | Swamp:4  | Entered Level 4 of the Swamp
 33334 | Swamp:4  | Got a slimy shield
 33345 | Swamp:4  | Identified the -6 shield of Semequv {Dex+3} (You found it on level 4 of the Swamp)
 33399 | Swamp:4  | Reached skill level 5 in Earth Magic
 33627 | Swamp:4  | Reached skill level 15 in Armour
 33651 | Swamp:4  | Noticed the 27-headed Lernaean hydra
 33674 | Swamp:4  | Killed the 27-headed Lernaean hydra
 33674 | Swamp:4  | Reached skill level 16 in Fighting
 33674 | Swamp:4  | Reached XP level 19. HP: 117/125 MP: 28/31
 33893 | Swamp:4  | Got a decaying rune of Zot
 34816 | Vaults:1 | Entered Level 1 of the Vaults
 34970 | Vaults:1 | Received a gift from Okawaru
 35212 | Vaults:1 | Got a pitted arbalest
 35220 | Vaults:1 | Identified the +3 arbalest "Killer Klown's Death" {penet, Str+5} (You found it on level 1 of the Vaults)
 35626 | Vaults:1 | Found Keol's Assorted Antiques.
 35629 | Vaults:1 | Bought a scroll of identify for 78 gold pieces
 35629 | Vaults:1 | Bought a coiled garnet amulet for 195 gold pieces
 35629 | Vaults:1 | Identified the amulet of Riara {Inacc MR+} (You bought it in a shop on level 1 of the Vaults)
 35632 | Vaults:1 | Identified a scroll of acquirement
 36014 | Vaults:2 | Found a staircase to the Crypt.
 36185 | Vaults:2 | Found a portal to a secret trove of treasure.
 36236 | Vaults:2 | Found a flickering gateway to a bazaar.
 36241 | Bazaar   | Entered a bazaar
 36243 | Bazaar   | Found Ytaciotont's Antique Weapon Boutique.
 36247 | Bazaar   | Found Pac Ohats's Magic Scroll Boutique.
 36247 | Bazaar   | Found Nonawuol's Assorted Antiques.
 36248 | Bazaar   | Found Neutixae's General Store.
 36258 | Bazaar   | Bought a scroll of magic mapping for 38 gold pieces
 36258 | Bazaar   | Bought a scroll of teleportation for 33 gold pieces
 36263 | Bazaar   | Bought a pair of glowing boots for 165 gold pieces
 36286 | Bazaar   | Bought a scroll of identify for 22 gold pieces
 36294 | Bazaar   | Bought a scroll of acquirement for 520 gold pieces
 36299 | Bazaar   | Got a pair of fine boots
 36310 | Bazaar   | Identified the +1 pair of boots of Duty {Str+7} (You acquired it in a bazaar)
 36321 | Bazaar   | Bought a runed plate armour for 572 gold pieces
 36607 | Vaults:2 | Received a gift from Okawaru
 37284 | Vaults:2 | Found Joufen's Assorted Antiques.
 37332 | Vaults:2 | Bought a scratched glass ring for 140 gold pieces
 37468 | Vaults:2 | Received a gift from Okawaru
 37468 | Vaults:2 | Reached skill level 17 in Fighting
 37468 | Vaults:2 | Reached XP level 20. HP: 96/134 MP: 24/33
 38163 | Vaults:2 | Paralysed by an ogre mage for 7 turns
 38217 | Vaults:2 | Received a gift from Okawaru
 38335 | Vaults:2 | Found Deustruma's Antique Armour Shop.
 38349 | Vaults:2 | Bought a glowing scarf for 216 gold pieces
 38409 | Vaults:2 | Got a steaming plate armour
 38420 | Vaults:2 | Identified the +15 plate armour of the Cooper {rPois rN+} (You acquired it on level 2 of the Vaults)
 38870 | Vaults:3 | Found Vuesm's Antique Weapon Shoppe.
 39255 | Vaults:3 | Received a gift from Okawaru
 39430 | Vaults:3 | Paralysed by an orc sorcerer for 4 turns
 39438 | Vaults:3 | Paralysed by an orc sorcerer for 6 turns
 39651 | Vaults:3 | Cast into level 3 of the Abyss (a deep elf sorcerer)
 39657 | Abyss:3  | Got a steaming flail
 39658 | Abyss:3  | Identified the +7 flail of the Old World {holy, Int+2} (You found it on level 3 of the Abyss)
 39864 | Abyss:3  | Noticed a bone dragon
 39885 | Abyss:3  | Killed a bone dragon
 40027 | Vaults:3 | Escaped the Abyss
 40189 | Vaults:3 | Reached skill level 10 in Spellcasting
 40198 | Vaults:3 | Reached XP level 21. HP: 138/140 MP: 35/35
 40483 | Vaults:3 | Reached skill level 18 in Fighting
 41621 | Vaults:4 | Noticed Jory
 41644 | Vaults:4 | Killed Jory
 41783 | Vaults:4 | Received a gift from Okawaru
 42064 | Vaults:4 | Got an encrusted chain mail
 42075 | Vaults:4 | Identified the cursed +1 chain mail of the Bruised Queens {rF+ Str+3 Slay+3} (You found it on level 4 of the Vaults)
 43059 | Depths:1 | Entered Level 1 of the Depths
 43085 | Depths:1 | Paralysed by a great orb of eyes for 2 turns
 43088 | Depths:1 | Found a one-way gate to the infinite horrors of the Abyss.
 43114 | Depths:1 | Noticed Aizul
 43319 | Depths:1 | Killed Aizul
 43330 | Depths:1 | Reached skill level 10 in Earth Magic
 43776 | Depths:1 | Noticed Sojobo
 43795 | Depths:1 | Killed Sojobo
 43795 | Depths:1 | Received a gift from Okawaru
 43995 | Depths:1 | Got a pair of heavily runed gloves {god gift}
 44006 | Depths:1 | Identified the +2 pair of gloves of the Hurricane {rF+ Int+3} (Okawaru gifted it to you on level 1 of the Depths)
 44303 | Depths:1 | Found a gateway to a bazaar.
 44315 | Bazaar   | Entered a bazaar
 44316 | Bazaar   | Found Erghon's Armour Emporium.
 44331 | Bazaar   | Found Xobaemum's General Store.
 44342 | Bazaar   | Found Haocleas's General Store.
 44353 | Bazaar   | Found Diepo's General Store.
 44394 | Bazaar   | Bought a scroll of teleportation for 33 gold pieces
 44394 | Bazaar   | Bought a scroll of teleportation for 33 gold pieces
 44394 | Bazaar   | Bought a potion of resistance for 110 gold pieces
 44481 | Depths:1 | Reached XP level 22. HP: 108/148 MP: 25/36
 45052 | D:14     | Learned a level 2 spell: Shroud of Golubria
 45481 | Depths:2 | Found Aceus's Magic Scroll Shop.
 45506 | Depths:2 | Found Rasya's Gadget Boutique.
 45509 | Depths:2 | Bought a scroll of silence for 112 gold pieces
 45509 | Depths:2 | Bought a scroll of silence for 112 gold pieces
 45534 | Depths:2 | Reached skill level 19 in Fighting
 45937 | Depths:2 | Noticed Asterion
 46312 | Depths:2 | Found a runed gate.
 46312 | Depths:2 | Found a runed gate.
 46312 | Depths:2 | Found a runed gate.
 46345 | Depths:2 | Killed Asterion
 46350 | Depths:2 | Paralysed by a sphinx for 5 turns
 47030 | Depths:2 | Found a runed gate.
 47030 | Depths:2 | Found a runed gate.
 47030 | Depths:2 | Found a runed gate.
 47059 | Depths:2 | Identified the Tome of Ice and Attacks
 47065 | Depths:2 | Identified Sif Muna's Papyrus of Malediction and Augmentations
 47074 | Depths:2 | Got a bone hand crossbow
 47075 | Depths:2 | Identified the cursed +0 hand crossbow "Bonle" {elec, Str+7} (You found it on level 2 of the Depths)
 47269 | Depths:2 | Got a vibrating lead ring
 47745 | Depths:2 | Received a gift from Okawaru
 48147 | Depths:3 | Found a flickering gateway to a bazaar.
 48156 | Bazaar   | Entered a bazaar
 48292 | Bazaar   | Found Ixko Nyff's Armour Boutique.
 48296 | Bazaar   | Found Ostibb's Book Shop.
 48306 | Bazaar   | Found Beag's Gadget Shop.
 48312 | Bazaar   | Found Mutseeb's Gadget Emporium.
 48321 | Bazaar   | Found Saulukoe's Weapon Shop.
 48355 | Bazaar   | Bought the +2 shield of Resistance {rF+ rC+ MR+} for 493 gold pieces
 48355 | Bazaar   | Found the +2 shield of Resistance {rF+ rC+ MR+}
 48374 | Bazaar   | Bought a book of Spatial Translocations for 455 gold pieces
 48379 | Bazaar   | Learned a level 4 spell: Passage of Golubria
 48383 | Bazaar   | Learned a level 3 spell: Lesser Beckoning
 48387 | Bazaar   | Learned a level 3 spell: Teleport Other
 48440 | Depths:3 | Reached skill level 10 in Evocations
 48470 | Depths:3 | Reached skill level 10 in Translocations
 48590 | Depths:3 | Noticed a caustic shrike
 48615 | Depths:2 | Killed a caustic shrike
 48858 | Depths:3 | Noticed a juggernaut
 48882 | Depths:3 | Noticed a golden dragon
 48895 | Depths:3 | Killed a juggernaut
 48895 | Depths:3 | Received a gift from Okawaru
 48895 | Depths:3 | Reached XP level 23. HP: 131/156 MP: 28/38
 48910 | Depths:3 | Killed a golden dragon
 49098 | Depths:3 | Reached skill level 20 in Fighting
 49136 | Depths:3 | Found a one-way gate leading to the halls of Pandemonium.
 49494 | Vaults:2 | Bought a scroll of enchant armour for 210 gold pieces
 49830 | Depths:3 | Received a gift from Okawaru
 50339 | Depths:3 | Identified the ring of the Pariah {Slay+5 Stlth-} (You took it off a necromancer on level 2 of the Depths)
 50926 | Depths:4 | Paralysed by a floating eye for 2 turns
 51040 | Depths:4 | Found Akobe's Jewellery Shop.
 51040 | Depths:4 | Found Ynozof's Gadget Emporium.
 51041 | Depths:4 | Found Ruehiere's Gadget Emporium.
 51429 | Depths:4 | Noticed a golden dragon
 51441 | Depths:4 | Killed a golden dragon
 51441 | Depths:4 | Reached XP level 24. HP: 153/164 MP: 38/39
 51848 | Depths:5 | Entered Level 5 of the Depths
 51901 | Depths:5 | Received a gift from Okawaru
 52111 | Depths:5 | Found Goxzutug's Book Boutique.
 52147 | Depths:5 | Found a gateway to a ziggurat.
 52172 | Depths:5 | Noticed a caustic shrike
 52182 | Depths:5 | Noticed a caustic shrike
 52184 | Depths:5 | Noticed a caustic shrike
 52184 | Depths:5 | Noticed a caustic shrike
 52186 | Depths:5 | Noticed a caustic shrike
 52193 | Depths:5 | Killed a caustic shrike
 52219 | Depths:5 | Killed a caustic shrike
 52220 | Depths:5 | Killed a caustic shrike
 52233 | Depths:5 | Killed a caustic shrike
 52674 | Depths:4 | Killed a caustic shrike
 52850 | Depths:5 | Found a gate to the Realm of Zot.
 52873 | Depths:5 | Reached skill level 21 in Fighting
 53234 | Depths:5 | Received a gift from Okawaru
 53253 | Depths:5 | Got a warped flail {god gift}
 53254 | Depths:5 | Identified the +11 flail "Wanyopti" {drain, Dex+7} (Okawaru gifted it to you on level 5 of the Depths)
 53906 | Crypt:1  | Entered Level 1 of the Crypt
 54447 | Crypt:1  | Got a steaming marble ring
 54449 | Crypt:1  | Identified the ring "Hizo" {rCorr Dex+4} (You found it on level 1 of the Crypt)
 54858 | Crypt:2  | Noticed Mara
 54869 | Crypt:2  | Killed Mara
 55277 | Crypt:2  | Reached XP level 25. HP: 172/172 MP: 39/39
 55958 | Crypt:3  | Entered Level 3 of the Crypt
 56273 | Crypt:3  | Found an ancient bone altar of Kikubaaqudgha.
 56662 | Crypt:3  | Received a gift from Okawaru
 56749 | Crypt:3  | Noticed an ancient lich
 56765 | Crypt:3  | Killed an ancient lich
 56913 | Crypt:3  | Got a jewelled morningstar
 56914 | Crypt:3  | Identified the +5 morningstar of the Gnat {freeze, rPois rN++ MP-9 Str+2} (You found it on level 3 of the Crypt)
 56916 | Crypt:3  | Got a shimmering hat
 56927 | Crypt:3  | Identified the cursed +0 hat of the Black Moon {+Inv rPois Str-5 Int+3} (You found it on level 3 of the Crypt)
 56954 | Crypt:3  | Learned a level 3 spell: Gell's Gravitas
 57158 | Crypt:3  | Received a gift from Okawaru
 57472 | Crypt:3  | Received a gift from Okawaru
 57643 | Crypt:3  | Found a staircase to the Tomb.
 58576 | Depths:5 | Bought a book of the Warp for 1440 gold pieces
 58581 | Depths:5 | Learned a level 4 spell: Force Lance
 58590 | Depths:5 | Learned a level 8 spell: Controlled Blink
 58860 | Elf:1    | Entered Level 1 of the Elven Halls
 58985 | Elf:1    | Reached skill level 22 in Fighting
 58985 | Elf:1    | Reached skill level 1 in Conjurations
 59612 | Elf:1    | Found Eqaor's Weapon Emporium.
 60221 | Elf:2    | Reached XP level 26. HP: 179/179 MP: 40/40
 60311 | Elf:2    | Found Hyosu's Assorted Antiques.
 60320 | Elf:2    | Bought a scroll of enchant armour for 277 gold pieces
 60352 | Elf:2    | Found Quxkoj's Jewellery Boutique.
 60380 | Elf:2    | Found a runed gate.
 60488 | Elf:2    | Noticed Nikola
 60502 | Elf:2    | Killed Nikola
 60556 | Elf:2    | Found a runed gate.
 60557 | Elf:2    | Found a runed gate.
 60633 | Elf:2    | Noticed graki42's ghost (journeyman DEFE)
 60644 | Elf:2    | Killed graki42's ghost
 60644 | Elf:2    | Received a gift from Okawaru
 60658 | Elf:2    | Noticed Azrael
 60670 | Elf:2    | Killed Azrael
 61058 | Elf:3    | Entered Level 3 of the Elven Halls
 62104 | Elf:3    | Identified the Tome of Excruciating Snow
 62127 | Elf:3    | Learned a level 7 spell: Malign Gateway
 62172 | Elf:3    | Got a pair of scorched gloves
 62183 | Elf:3    | Identified the +1 pair of gloves of Listlessness {rPois Int+4 SInv} (You found it on level 3 of the Elven Halls)
 62210 | Elf:3    | Identified Goeroiloe's Disquisition on the Burning Entourage
 62369 | Elf:3    | Reached skill level 5 in Conjurations
 62949 | Elf:2    | Bought an uncursed ring of protection from magic for 450 gold pieces
 63208 | Depths:1 | Voluntarily entered the Abyss.
 63217 | Abyss:1  | Received a gift from Okawaru
 63359 | Abyss:1  | Gained mutation: You are somewhat resistant to further mutation. [a neqoxec]
 63373 | Abyss:2  | Found a corrupted altar of Lugonu.
 63461 | Abyss:3  | Got an abyssal rune of Zot
 63631 | Abyss:3  | Found a corrupted altar of Lugonu.
 63637 | Abyss:3  | Found a corrupted altar of Lugonu.
 63696 | Depths:1 | Escaped the Abyss
 64132 | Slime:1  | Entered Level 1 of the Pits of Slime
 64819 | Elf:3    | Reached XP level 27. HP: 186/186 MP: 40/40
 65626 | Slime:5  | Entered Level 5 of the Pits of Slime
 65658 | Slime:5  | Received a gift from Okawaru
 65739 | Slime:5  | Noticed the Royal Jelly
 65762 | Slime:5  | Killed the Royal Jelly
 66433 | Slime:5  | Paralysed by a floating eye for 4 turns
 67401 | Slime:5  | Got a slimy rune of Zot
 67465 | Slime:5  | Got a twitching brass ring
 67467 | Slime:5  | Identified the ring "Lekutud" {rF+ rN+ Dex+7} (You found it on level 5 of the Pits of Slime)
 67985 | Vaults:2 | You showed the slimy rune of Zot to enter a treasure trove
 67986 | Trove    | Entered a treasure trove
 68036 | Trove    | Got a brightly glowing morningstar
 68037 | Trove    | Identified the +4 morningstar "Rietuinu" {drain, rN+} (You found it in a treasure trove)
 68641 | Vaults:5 | Entered Level 5 of the Vaults
 68667 | Vaults:5 | Received a gift from Okawaru
 68689 | Vaults:5 | Noticed an ancient lich
 68716 | Vaults:5 | Paralysed by an ancient lich for 4 turns
 68890 | Vaults:5 | Killed an ancient lich
 69162 | Vaults:5 | Got a silver rune of Zot
 69269 | Vaults:5 | Paralysed by a floating eye for 2 turns
 69911 | Vaults:5 | Received a gift from Okawaru
 70133 | Vaults:5 | Reached skill level 15 in Shields
 71173 | Zot:1    | Entered Level 1 of the Realm of Zot
 71204 | Zot:1    | Reached skill level 23 in Fighting
 71469 | Zot:1    | Reached skill level 15 in Dodging
 73056 | Zot:2    | Noticed an orb of fire
 73060 | Zot:2    | Received a gift from Okawaru
 73060 | Zot:2    | Reached skill level 15 in Translocations
 73071 | Zot:2    | Killed an orb of fire
 73086 | Zot:2    | Got a pair of spiked gloves {god gift}
 73099 | Zot:1    | Identified the +0 pair of gloves of Luutaaxt {-Cast rF- rCorr Dex+3} (Okawaru gifted it to you on level 2 of the Realm of Zot)
 73140 | Zot:2    | Got an ichor-stained shield
 73173 | Zot:2    | Identified the cursed +0 shield "Pokiler" {rElec rC- Dex+7} (You found it on level 2 of the Realm of Zot)
 73248 | Zot:2    | Reached skill level 15 in Spellcasting
 73360 | Zot:2    | Noticed Tiamat
 73439 | Zot:2    | Killed Tiamat
 73974 | Zot:2    | Got a glittering lead ring
 73976 | Zot:2    | Identified the cursed ring "Dengyz" {rF- EV-2 Dex+10} (You found it on level 2 of the Realm of Zot)
 74565 | Zot:3    | Received a gift from Okawaru
 74976 | Zot:3    | Noticed an orb of fire
 74997 | Zot:3    | Gained mutation: You occasionally shout uncontrollably at your foes. [an orb of fire]
 74998 | Zot:3    | Killed an orb of fire
 75460 | Zot:4    | Got a fine brass ring
 75552 | Zot:4    | Identified the ring of Anoaceq {rElec rC+ rN+ Str+4 Dex-2} (You found it on level 4 of the Realm of Zot)
 75755 | Zot:4    | Received a gift from Okawaru
 76258 | Zot:5    | Entered Level 5 of the Realm of Zot
 76320 | Zot:5    | Noticed tof's ghost (legendary MiBe)
 76370 | Zot:5    | Killed tof's ghost
 77274 | Zot:5    | Noticed an ancient lich
 77299 | Zot:5    | Killed an ancient lich
 77455 | Zot:5    | Noticed an ancient lich
 77467 | Zot:5    | Noticed an orb of fire
 77472 | Zot:5    | Gained mutation: You are clumsy. (Dex -2) [an orb of fire]
 77473 | Zot:5    | Gained mutation: Your body sometimes deteriorates upon taking damage. [an orb of fire]
 77477 | Zot:5    | Gained mutation: You expend magic power (3 MP) to strengthen your wands. [an orb of fire]
 77494 | Zot:5    | Killed an orb of fire
 77835 | Zot:5    | Noticed an orb of fire
 77839 | Zot:5    | Gained mutation: You tend to lose your temper in combat. [an orb of fire]
 77853 | Zot:5    | Killed an orb of fire
 77853 | Zot:5    | Received a gift from Okawaru
 78020 | Zot:5    | Noticed an ancient lich
 78033 | Zot:5    | Killed an ancient lich
 78284 | Zot:5    | Reached skill level 24 in Fighting
 78775 | Pan      | Entered Pandemonium
 78859 | Pan      | Received a gift from Okawaru
 79254 | Pan      | Found a huge runed gate.
 79271 | Pan      | Noticed Ciroaske the pandemonium lord
 79308 | Pan      | Killed Ciroaske the pandemonium lord
 79874 | Pan      | Found an exit through the horrors of the Abyss.
 79988 | Pan      | Noticed Wyes the pandemonium lord
 80003 | Pan      | Killed Wyes the pandemonium lord
 80436 | Pan      | Received a gift from Okawaru
 81422 | Pan      | Noticed Kiykaic the pandemonium lord
 81445 | Pan      | Killed Kiykaic the pandemonium lord
 82651 | Pan      | Received a gift from Okawaru
 83662 | Pan      | Entered the realm of Gloorx Vloq.
 83890 | Pan      | Noticed Gloorx Vloq
 83917 | Pan      | Killed Gloorx Vloq
 83925 | Pan      | Received a gift from Okawaru
 84296 | Pan      | Got a dark rune of Zot
 85134 | Pan      | Entered the realm of Mnoleg.
 85517 | Pan      | Gained mutation: Scrolls take you a little longer to read. [a neqoxec]
 85558 | Pan      | Got a glittering iron ring
 85560 | Pan      | Identified the ring of Rofuim {Fire Str+3} (You found it in Pandemonium)
 85653 | Pan      | Noticed Mnoleg
 85660 | Pan      | Paralysed by a floating eye for 4 turns
 85678 | Pan      | Paralysed by a floating eye for 3 turns
 85682 | Pan      | Lost mutation: You tend to lose your temper in combat. [a shining eye]
 85729 | Pan      | Paralysed by a floating eye for 3 turns
 86191 | Pan      | Gained mutation: You are dopey. (Int -2) [a cacodemon]
 86225 | Pan      | Killed Mnoleg
 86506 | Pan      | Received a gift from Okawaru
 86542 | Pan      | Got a glowing rune of Zot
 86989 | Pan      | Noticed Leni the pandemonium lord
 87009 | Pan      | Killed Leni the pandemonium lord
 87033 | Pan      | Got a demonic rune of Zot
 87420 | Pan      | Reached skill level 25 in Fighting
 87946 | Pan      | Entered the realm of Cerebov.
 87946 | Pan      | Noticed Cerebov
 87987 | Pan      | HP: 4/193 [balrug/divine providence (11)]
 87992 | Pan      | Killed from afar by Cerebov

Vault maps used:
D:1:      shiori_arrival_whats_in_store_for_you, minmay_surrounded
D:2:      elyvilon_altar_4, nicolae_overflow_crystal_walls,
          chequers_temple_overflow_minitemple, minitemple, first_bread
D:3:      grunt_gozag_breadcrumbs
D:4:      lemuel_doored_altar
D:7:      bloody_trog, kennysheep_mini, temple_hall
D:8:      vehumet_crystals, enter_bailey_2
D:9:      lemuel_crystal_altar, david_nohive_1, hex_medium, minmay_statue_bubble
D:10:     orc_0_dummy, uniq_erica
D:11:     lair_entry_dummy
D:12:     kennysheep_generic_room_6
D:13:     hangedman_vaults_entry_quadrant_bands
D:14:     basic_altar, lemuel_statue_altar, minmay_nine_imps
D:15:     grunt_enter_depths_snipers, lemuel_crystal_altar, patterned_corridor
Lair:1:   nicolae_volcano_entry_lava_flow, grunt_megastairs_4,
          minmay_lair_oklob_chamber, serial_bayou_shore_b
Lair:2:   spider_nest_entry_webs, serial_bayou_shore_b
Lair:3:   small_statue_intersection, infiniplex_staircase_pool_2
Lair:4:   minmay_swamp_entry_reptiles, lab_entry_generic
Lair:5:   minmay_slime_entry_pillars, uniq_kirke, uniq_rupert
Lair:6:   evil_forest, nicolae_lair_grove_arrangements
Swamp:1:  evilmike_swamp_ruin_house_1, swamp_pool5, infiniplex_staircase_pool
Swamp:2:  portal_ice_cave_entry_pillars_1, hangedman_swamp_diagram
Swamp:3:  evilmike_swamp_ruin_house_5, swamp_pool4, hangedman_swamp_blocks
Swamp:4:  swamp_old_school
Spider:1: guppyfry_spider_mini_1
Spider:2: nicolae_arachne_temple, uniq_roxanne
Spider:3: spider_trap, nicolae_spider_cling_halls
Spider:4: grunt_spider_rune_island, uniq_bai_suzhen, uniq_jorgrun
Slime:1:  nicolae_slime_barrier
Slime:3:  cheibrodos_slime_lost_civilization_2
Orc:1:    basic_altar, uniq_maurice
Orc:2:    st_orc_ogre_mass, basic_altar
Elf:1:    elf_arrival_002, serial_shops, shop, hangedman_elf_disciples,
          minmay_misc_feat_columns, st_stairs_4
Elf:2:    serial_shops, nicolae_shop_crystal, shop_fountains, st_stairs_4,
          uniq_nikola, uniq_azrael
Elf:3:    minmay_elf_hall_curves, hangedman_elven_crosses_minicolossus
Vaults:1: nicolae_vaults_circle_grid_a, ontoclasm_vaults_idyll,
          hangedman_vaults_nails, vaults_mumra_lcd, vaults_dpeg_spiral,
          nicolae_vaults_angled_halls, nicolae_vaults_yaktaur_gun_rack,
          vaults_dpeg_cross, ontoclasm_vaults_decontamination,
          vaults_room_hallway, serial_shops, nicolae_shop_behind_doors
Vaults:2: nicolae_vaults_big_ls, ontoclasm_vaults_shout, v_rooms_2,
          vaults_mumra_hex, vaults_dpeg_ring, grunt_vaults_focal,
          vaults_mumra_minichess, minmay_crypt_entry_simple_corners,
          nicolae_vaults_mini_display_case, nicolae_trove_entry_crystal,
          serial_shops, bzr_entry_road, nicolae_shop_statue_plus, shop_coins
Vaults:3: v_misc_4, nicolae_vaults_little_squares_6, vaults_room_hallway,
          nicolae_vaults_asterisk, v_misc_32, nicolae_vaults_twisting_passages,
          v_misc_5, v_rooms_4, nicolae_vaults_shelves_hall,
          nicolae_vaults_angled_halls, vaults_room_octagon,
          nicolae_vaults_triangles, vaults_dpeg_doors, v_alt_pattern_4,
          serial_shops, shop
Vaults:4: nicolae_vaults_statue_guard, v_misc_8, hangedman_vaults_snaps,
          v_misc_8, ontoclasm_vaults_loading_screen, v_misc_18,
          nicolae_vaults_network_s, ontoclasm_vaults_eye,
          hangedman_vaults_nodes, hangedman_vaults_trim, uniq_jory
Crypt:1:  roderic_lattice_octagonal_star, grunt_crypt_arrival_webbed
Crypt:2:  grunt_megastairs_5, uniq_mara
Crypt:3:  evilmike_haunted_forest
Depths:1: serial_shops, statue_bzr, abyss_entry, grunt_hell_entry_dis_old,
          fountainhead, roderic_serpentine_path, spider_trap,
          serial_bayou_pond_b, minmay_evil_grid, uniq_sojobo, uniq_aizul
Depths:2: kennysheep_treasure_stockpile, hangedman_coc_ice_floe,
          hangedman_abyss_or_decor_clamps, minmay_shoptagon, uniq_asterion
Depths:3: minmay_the_grid_octo_tiled_octocenter, serial_shops, bzr_entry_dummy,
          hell_entry, grunt_pan_entry_in_and_out, serial_bayou_lake_a
Depths:4: nicolae_whirlpool, rand_demon_pan_entry_9,
          kennysheep_decorative_pillar, abyss_entry_crystal, hell_entry,
          st_stairs_11, infiniplex_staircase_squiggle, minmay_shop_grove
Depths:5: evilmike_zot_entry_diamond, enter_ziggurat_b, minmay_crystal_water,
          hell_entry, serial_shops, shop, grunt_ministairs_13
Zot:1:    grunt_megastairs_2
Zot:2:    st_small_dragon_hoard_2, uniq_tiamat
Zot:3:    kennysheep_six_static_rooms, st_single_dragon_hoard_2
Abyss:3:  hangedman_decor_peaks_small, grunt_abyss_rune_wretched_hive
Pan:      nicolae_pan_giant_door, pan_blood_fountain,
          evilmike_mini_pan_corridor, nicolae_pan_glass_arcs,
          nicolae_pan_gloorx_vloqian_4, rand_demon_5, gloorx_vloq,
          pan_blood_fountain, mnoleg_st, evilmike_mini_pan_3x3,
          evilmike_cerebov_lava
Lab:      nicolae_lab_big_swirl, lab_hedge, lab_block, nicolae_lab_grate_2,
          labyrinth_skeletal_remains, lab_fountain, nicolae_lab_hexagon
Bazaar:   bazaar_minmay_cross, bazaar_kb_twisted_cavern,
          bazaar_kb_twisted_cavern
Trove:    trove_weapons_four_rooms
Bailey:   bailey_axe_2, bailey
Volcano:  volcano_pools

Skill      XL: |  1  2  3  4  5  6  7  8  9 10 11 12 13 14 15 16 17 18 19 20 21 22 23 24 25 26 27 |
---------------+----------------------------------------------------------------------------------+-----
Maces & Flails | 3 4 5 10 11 12 13 14 15 16 17 20 | 20.2
Shields        | 4 5 8 9 10 11 12 13 14 18 | 18.7
Armour         | 4 5 8 9 10 11 12 13 14 15 16 17 18 19 22 | 22.4
Fighting       | 4 5 8 9 10 11 12 13 14 16 17 18 19 20 21 22 25 | 25.0
Dodging        | 1 2 4 5 6 7 8 9 10 11 12 13 14 17 | 17.2
Invocations    | 2 4 6 7 9 10 | 10.6
Spellcasting   | 2 4 6 7 8 9 10 11 12 13 17 | 17.4
Evocations     | 3 4 6 7 8 9 10 11 12 | 12.1
Translocations | 3 5 6 7 8 9 10 11 12 19 | 19.7
Earth Magic    | 2 5 7 9 10 11 | 11.3
Conjurations   | 2 6 8 |  8.6

Action                   |  1- 3 |  4- 6 |  7- 9 | 10-12 | 13-15 | 16-18 | 19-21 | 22-24 | 25-27 || total
-------------------------+-------+-------+-------+-------+-------+-------+-------+-------+-------++-------
Melee: Flail             |    82 |   203 |   312 |   347 |       |       |   104 |    34 |       ||  1082
       War axe           |       |       |       |   201 |    50 |       |       |       |       ||   251
       Morningstar       |       |       |       |   272 |  1086 |  1620 |  1471 |  1547 |  1297 ||  7293
       Sacred scourge    |       |       |       |       |       |       |       |   141 |  1969 ||  2110
       Eveningstar       |       |       |       |       |       |       |       |       |  1702 ||  1702
 Cast: Passage of Golubr |       |       |       |       |       |       |       |     4 |     6 ||    10
       Teleport Other    |       |       |       |       |       |       |       |     1 |       ||     1
       Force Lance       |       |       |       |       |       |       |       |       |     3 ||     3
       Blink             |       |       |       |       |       |       |       |       |     1 ||     1
       Gell's Gravitas   |       |       |       |       |       |       |       |       |     1 ||     1
Invok: Heroism           |       |       |     5 |    10 |    14 |    12 |     9 |    14 |    40 ||   104
       Finesse           |       |       |       |     1 |     8 |    13 |    10 |    12 |    38 ||    82
 Abil: Evoke Flight      |       |       |       |       |     1 |       |       |       |       ||     1
       Fly               |       |       |       |       |       |     1 |       |       |       ||     1
Evoke: Wand              |       |       |       |       |       |       |     1 |       |     5 ||     6
  Use: Scroll            |     1 |     6 |     5 |     4 |    12 |     9 |    10 |    21 |    31 ||    99
       Potion            |       |     2 |     2 |     5 |     4 |     5 |     1 |     3 |    16 ||    38
 Stab: Invisible         |       |       |       |       |       |     1 |       |       |       ||     1
       Sleeping          |       |       |       |       |       |     1 |       |       |       ||     1
       Distracted        |       |       |       |       |       |     1 |       |       |     1 ||     2
       Confused          |       |       |       |       |       |     1 |       |       |       ||     1
  Eat: Chunk             |       |     8 |     9 |     7 |    29 |    28 |    27 |    20 |    38 ||   166
       Meat ration       |       |       |       |     1 |       |       |       |       |    10 ||    11
       Royal jelly       |       |       |       |     2 |     3 |     7 |     4 |     9 |     9 ||    34
       Fruit             |       |       |       |       |       |       |       |       |     2 ||     2
Armor: Scale mail        |    46 |    52 |       |       |       |       |       |       |       ||    98
       Chain mail        |    12 |    49 |   119 |   345 |   171 |       |       |       |       ||   696
       Plate armour      |       |       |       |       |   309 |   181 |   397 |   510 |       ||  1397
       Fire dragon scale |       |       |       |       |       |   267 |       |       |       ||   267
       Storm dragon scal |       |       |       |       |       |   296 |   306 |       |       ||   602
       Gold dragon scale |       |       |       |       |       |       |       |   428 |  2284 ||  2712
       Crystal plate arm |       |       |       |       |       |       |       |       |     2 ||     2
Dodge: Dodged            |    28 |    49 |   154 |   542 |   804 |  1392 |  1155 |  1202 |  2106 ||  7432
       Deflected         |       |       |       |       |     9 |    12 |    45 |    43 |    63 ||   172
Block: Shield            |    52 |   112 |   185 |   544 |       |   396 |   963 |  1149 |  2992 ||  6393
       Buckler           |       |       |       |    32 |   501 |   617 |    98 |   209 |       ||  1457
       Large shield      |       |       |       |       |       |       |       |       |  1167 ||  1167

Table legend:
 A = Spawn XP
 B = Non-spawn XP
 C = Spawn XP percentage of total XP
 D = Spawn monster count
 E = Non-spawn monster count
 F = Spawn count percentage of total count
 G = Total turns spent on level
                    A         B        C        D         E        F      G
               +---------+---------+-------+---------+---------+-------+---------
         Total |  179836 | 2137903 |   7.8 |     242 |    2914 |   7.7 | 87992
               +---------+---------+-------+---------+---------+-------+---------
           D:1 |       0 |      56 |   0.0 |       0 |      25 |   0.0 |   831
           D:2 |       0 |      43 |   0.0 |       0 |      10 |   0.0 |   630
           D:3 |       0 |      54 |   0.0 |       0 |      14 |   0.0 |  1031
           D:4 |       0 |     187 |   0.0 |       0 |      14 |   0.0 |   688
           D:5 |       0 |     822 |   0.0 |       0 |      21 |   0.0 |  1121
           D:6 |       0 |    1496 |   0.0 |       0 |      30 |   0.0 |   777
           D:7 |       0 |    1459 |   0.0 |       0 |      23 |   0.0 |   838
           D:8 |       0 |     887 |   0.0 |       0 |      22 |   0.0 |   930
           D:9 |       0 |    6116 |   0.0 |       0 |      63 |   0.0 |  1301
          D:10 |       0 |    5255 |   0.0 |       0 |      26 |   0.0 |  1233
          D:11 |       0 |    5255 |   0.0 |       0 |      35 |   0.0 |  1260
          D:12 |       0 |    4998 |   0.0 |       0 |      38 |   0.0 |  1047
          D:13 |       0 |    8869 |   0.0 |       0 |      31 |   0.0 |  1542
          D:14 |       0 |   14602 |   0.0 |       0 |      50 |   0.0 |  1201
          D:15 |       0 |   13825 |   0.0 |       0 |      48 |   0.0 |  1770
        Lair:1 |       0 |    6685 |   0.0 |       0 |      26 |   0.0 |  1010
        Lair:2 |       0 |    3310 |   0.0 |       0 |      16 |   0.0 |  1195
        Lair:3 |       0 |    5661 |   0.0 |       0 |      23 |   0.0 |  1209
        Lair:4 |       0 |    2819 |   0.0 |       0 |       8 |   0.0 |  1199
        Lair:5 |       0 |   15464 |   0.0 |       0 |      29 |   0.0 |  1132
        Lair:6 |       0 |   18721 |   0.0 |       0 |      55 |   0.0 |  1214
       Swamp:1 |       0 |    6182 |   0.0 |       0 |      17 |   0.0 |   649
       Swamp:2 |       0 |    8618 |   0.0 |       0 |      25 |   0.0 |   852
       Swamp:3 |       0 |    8583 |   0.0 |       0 |      28 |   0.0 |   867
       Swamp:4 |       0 |   36585 |   0.0 |       0 |      57 |   0.0 |  1299
      Spider:1 |       0 |   15506 |   0.0 |       0 |      49 |   0.0 |  1147
      Spider:2 |       0 |   34679 |   0.0 |       0 |      75 |   0.0 |  1432
      Spider:3 |       0 |   36652 |   0.0 |       0 |      85 |   0.0 |  3053
      Spider:4 |       0 |   27241 |   0.0 |       0 |      45 |   0.0 |  1131
       Slime:1 |       0 |   12231 |   0.0 |       0 |      14 |   0.0 |   227
       Slime:2 |       0 |    7273 |   0.0 |       0 |      10 |   0.0 |   345
       Slime:3 |       0 |   10094 |   0.0 |       0 |      22 |   0.0 |   125
       Slime:4 |       0 |    2775 |   0.0 |       0 |       2 |   0.0 |  1014
       Slime:5 |       0 |   47189 |   0.0 |       0 |      42 |   0.0 |  1071
         Orc:1 |       0 |    6209 |   0.0 |       0 |      50 |   0.0 |   734
         Orc:2 |       0 |   25593 |   0.0 |       0 |      80 |   0.0 |  2053
         Elf:1 |       0 |   33001 |   0.0 |       0 |      55 |   0.0 |  1238
         Elf:2 |       0 |   54628 |   0.0 |       0 |      82 |   0.0 |  1525
         Elf:3 |       0 |   74043 |   0.0 |       0 |      79 |   0.0 |  1632
      Vaults:1 |       0 |   11028 |   0.0 |       0 |      24 |   0.0 |  1809
      Vaults:2 |       0 |   82634 |   0.0 |       0 |     141 |   0.0 |  3152
      Vaults:3 |       0 |   54728 |   0.0 |       0 |      69 |   0.0 |  1666
      Vaults:4 |       0 |   44672 |   0.0 |       0 |      68 |   0.0 |  1603
      Vaults:5 |       0 |  142265 |   0.0 |       0 |     110 |   0.0 |  2191
       Crypt:1 |       0 |    9802 |   0.0 |       0 |      18 |   0.0 |  1086
       Crypt:2 |       0 |   45669 |   0.0 |       0 |      45 |   0.0 |  1037
       Crypt:3 |       0 |   77245 |   0.0 |       0 |     106 |   0.0 |  2008
      Depths:1 |     802 |   55216 |   1.4 |       1 |      54 |   1.8 |  1964
      Depths:2 |       0 |   74347 |   0.0 |       0 |      80 |   0.0 |  2955
      Depths:3 |       0 |   95866 |   0.0 |       0 |     115 |   0.0 |  1794
      Depths:4 |       0 |   76218 |   0.0 |       0 |      85 |   0.0 |  2016
      Depths:5 |       0 |   79262 |   0.0 |       0 |      60 |   0.0 |  1659
         Zot:1 |       0 |   68276 |   0.0 |       0 |      49 |   0.0 |  1681
         Zot:2 |       0 |   97607 |   0.0 |       0 |      42 |   0.0 |  1413
         Zot:3 |       0 |   70064 |   0.0 |       0 |      39 |   0.0 |   896
         Zot:4 |       0 |   44091 |   0.0 |       0 |      25 |   0.0 |   936
         Zot:5 |       0 |  149729 |   0.0 |       0 |      44 |   0.0 |  2311
       Abyss:1 |    2563 |    7436 |  25.6 |       7 |       6 |  53.8 |   165
       Abyss:3 |   12119 |   17996 |  40.2 |      27 |      33 |  45.0 |   673
           Pan |  164352 |  265027 |  38.3 |     207 |     234 |  46.9 |  9217
           Lab |       0 |    1496 |   0.0 |       0 |       3 |   0.0 |   653
        Bailey |       0 |     816 |   0.0 |       0 |      34 |   0.0 |   368
       Volcano |       0 |    2747 |   0.0 |       0 |       6 |   0.0 |   579
               +---------+---------+-------+---------+---------+-------+---------
